BSA
SEATTLE PIKES @ ST CHARLES SHEENS
08/24/2027
 
TOP OF THE 1ST
Seattle Pikes batting - Pitching for St Charles Sheens : RHP Oscar Wheeler
Pitching: RHP Oscar Wheeler
Batting: RHB Randy Sheppard 0-0: Foul Ball, location: 2F
0-1: Foul Ball, location: 2F
0-2: Ball
1-2: Foul Ball, location: 2F
1-2: Ball
2-2: SINGLE (Groundball, 6MD)
Batting: RHB António Ortega 0-0: Ball
Randy Sheppard is caught stealing 2nd base
1-0: Ball
2-0: Called Strike
2-1: Ball
3-1: Fly out, F7 (Line Drive, 7LM)
Batting: LHB Richard Hunter 0-0: Ball
1-0: Ball
2-0: Called Strike
2-1: SINGLE (Line Drive, 6)
Batting: RHB Iván Gonzáles 0-0: Called Strike
Richard Hunter steals 2nd base
0-1: Called Strike
0-2: Ball
1-2: Foul Ball, location: 2F
1-2: Ball
2-2: Ball
3-2: Reached on error, E5 (Popup, 56)
Richard Hunter to third
Batting: LHB Eduardo Gómez 0-0: Ball
1-0: Called Strike
1-1: Called Strike
1-2: Ball
2-2: Fielders Choice at 2nd, 4-6 (Groundball, 4D)
Top of the 1st over - 0 run(s), 2 hit(s), 1 error(s), 1 left on base; Seattle 0 - St Charles 0
BOTTOM OF THE 1ST
St Charles Sheens batting - Pitching for Seattle Pikes : RHP António Rijo
Pitching: RHP António Rijo
Batting: RHB Jesús Hernández 0-0: Swinging Strike
0-1: Ball
1-1: Ball
2-1: Ball
3-1: Foul Ball, location: 2F
3-2: Ground out 5-3 (Groundball, 5)
Batting: RHB Max Rash 0-0: Called Strike
0-1: Ball
1-1: Ball
2-1: Swinging Strike
2-2: SINGLE (Groundball, 34D)
Batting: LHB Stan Bates 0-0: Called Strike
0-1: Grounds into double play, 4-6-3 (Groundball, 4)
Bottom of the 1st over - 0 run(s), 1 hit(s), 0 error(s), 0 left on base; Seattle 0 - St Charles 0
TOP OF THE 2ND
Seattle Pikes batting - Pitching for St Charles Sheens : RHP Oscar Wheeler
Batting: SHB António Hernández 0-0: Ball
1-0: Fly out, F8 (Flyball, 8LM)
Batting: RHB Tae-kwon Kwon 0-0: Ball
1-0: Swinging Strike
1-1: SINGLE (Groundball, 34) (infield hit)
Batting: LHB Roberto Lozano 0-0: Ball
1-0: Swinging Strike
1-1: Ball
Tae-kwon Kwon steals 2nd base
2-1: Ball
3-1: Foul Ball, location: 2F
3-2: Foul Ball, location: 2F
3-2: Strikes out looking
Batting: RHB Bill Mark 0-0: Called Strike
0-1: Called Strike
0-2: Strikes out looking
Top of the 2nd over - 0 run(s), 1 hit(s), 0 error(s), 1 left on base; Seattle 0 - St Charles 0
BOTTOM OF THE 2ND
St Charles Sheens batting - Pitching for Seattle Pikes : RHP António Rijo
Batting: RHB Júlio Figueroa 0-0: Foul Ball, location: 2F
0-1: Fly out, F8 (Flyball, 8RXD)
Batting: LHB Marcos Cantú 0-0: Called Strike
0-1: Ball
1-1: Swinging Strike
1-2: Ball
2-2: Ground out 4-3 (Groundball, 4)
Batting: LHB Gene Cooper 0-0: Foul Ball, location: 2F
0-1: Called Strike
0-2: Ball
1-2: Strikes out swinging
Bottom of the 2nd over - 0 run(s), 0 hit(s), 0 error(s), 0 left on base; Seattle 0 - St Charles 0
TOP OF THE 3RD
Seattle Pikes batting - Pitching for St Charles Sheens : RHP Oscar Wheeler
Batting: RHB Randy Sheppard 0-0: SINGLE (Line Drive, 78S)
Batting: RHB António Ortega 0-0: Fly out, F7 (Flyball, 7S)
Batting: LHB Richard Hunter 0-0: Ball
1-0: Called Strike
1-1: Ball
2-1: Swinging Strike
2-2: Fly out, F7 (Line Drive, 78M)
Batting: RHB Iván Gonzáles 0-0: Called Strike
0-1: Ball
1-1: Ball
2-1: Ground out 5-3 (Groundball, 56S)
Top of the 3rd over - 0 run(s), 1 hit(s), 0 error(s), 1 left on base; Seattle 0 - St Charles 0
BOTTOM OF THE 3RD
St Charles Sheens batting - Pitching for Seattle Pikes : RHP António Rijo
Batting: RHB Dan Tyler 0-0: Called Strike
0-1: Called Strike
0-2: Fly out, F7 (Line Drive, 78S)
Batting: RHB Bill Little 0-0: Ball
1-0: Called Strike
1-1: Swinging Strike
1-2: Ground out 6-3 (Groundball, 6)
Batting: RHB Sergio Pujols 0-0: Ball
1-0: Swinging Strike
1-1: Ground out 6-3 (Groundball, 6)
Bottom of the 3rd over - 0 run(s), 0 hit(s), 0 error(s), 0 left on base; Seattle 0 - St Charles 0
TOP OF THE 4TH
Seattle Pikes batting - Pitching for St Charles Sheens : RHP Oscar Wheeler
Batting: LHB Eduardo Gómez 0-0: Ball
1-0: Foul Ball, location: 2F
1-1: SINGLE (Groundball, 4D)
Batting: SHB António Hernández 0-0: Ball
1-0: Foul Ball, location: 2F
1-1: Called Strike
1-2: Grounds into double play, 5-4-3 (Groundball, 56)
Batting: RHB Tae-kwon Kwon 0-0: Ball
1-0: Ball
2-0: Ball
3-0: Called Strike
3-1: Swinging Strike
3-2: Foul Ball, location: 2F
3-2: Ground out 5-3 (Groundball, 56)
Top of the 4th over - 0 run(s), 1 hit(s), 0 error(s), 0 left on base; Seattle 0 - St Charles 0
BOTTOM OF THE 4TH
St Charles Sheens batting - Pitching for Seattle Pikes : RHP António Rijo
Batting: RHB Jesús Hernández 0-0: Swinging Strike
0-1: Ball
1-1: Ball
2-1: Fly out, F7 (Flyball, 7S)
Batting: RHB Max Rash 0-0: Swinging Strike
0-1: Ball
1-1: Called Strike
1-2: Ground out 6-3 (Groundball, 6MS)
Batting: LHB Stan Bates 0-0: SINGLE (Line Drive, 34D)
Batting: RHB Júlio Figueroa 0-0: Ball
1-0: Fielders Choice at 2nd, 5-4 (Groundball, 5L)
Bottom of the 4th over - 0 run(s), 1 hit(s), 0 error(s), 0 left on base; Seattle 0 - St Charles 0
TOP OF THE 5TH
Seattle Pikes batting - Pitching for St Charles Sheens : RHP Oscar Wheeler
Batting: LHB Roberto Lozano 0-0: Foul Ball, location: 2F
0-1: Foul Ball, location: 2F
0-2: Foul Ball, location: 2F
0-2: Ball
1-2: Ball
2-2: Ball
3-2: Base on Balls
Batting: RHB Bill Mark 0-0: Called Strike
0-1: Ball
1-1: Foul Ball, location: 2F
1-2: Foul Ball, location: 2F
1-2: Foul Ball, location: 2F
1-2: Foul Ball, location: 2F
1-2: DOUBLE (Line Drive, 7D)
Roberto Lozano to third
Batting: RHB Randy Sheppard 0-0: Called Strike
0-1: Ground out 6-3 (Groundball, 6)
Roberto Lozano scores
Batting: RHB António Ortega 0-0: Called Strike
0-1: Ground out 6-3 (Groundball, 6)
Batting: LHB Richard Hunter 0-0: Ball
1-0: Called Strike
1-1: Reached on error, E6 (Groundball, 6)
Bill Mark to third
Batting: RHB Iván Gonzáles 0-0: SINGLE (Line Drive, 4M)
Bill Mark scores
Richard Hunter to second
Batting: LHB Eduardo Gómez 0-0: Foul Ball, location: 2F
0-1: Ball
1-1: DOUBLE (Groundball, 3L)
Richard Hunter scores
Iván Gonzáles to third
Runner from 3rd tries for Home, SAFE, no throw
Batting: SHB António Hernández 0-0: Ball
Wild Pitch!
Eduardo Gómez to third
1-0: Foul Ball, location: 2F
1-1: Foul Ball, location: 2F
1-2: Strikes out swinging
Top of the 5th over - 4 run(s), 3 hit(s), 1 error(s), 1 left on base; Seattle 4 - St Charles 0
BOTTOM OF THE 5TH
St Charles Sheens batting - Pitching for Seattle Pikes : RHP António Rijo
Batting: LHB Marcos Cantú 0-0: Ball
1-0: Swinging Strike
1-1: Swinging Strike
1-2: Ball
2-2: Ball
3-2: Foul Ball, location: 2F
3-2: Strikes out swinging
Batting: LHB Gene Cooper 0-0: Called Strike
0-1: Foul Ball, location: 2F
0-2: Ball
1-2: Ball
2-2: Foul Ball, location: 2F
2-2: Ball
3-2: Ground out 4-3 (Groundball, 4)
Batting: RHB Dan Tyler 0-0: Swinging Strike
0-1: Ground out 3-1 (Groundball, 34)
Bottom of the 5th over - 0 run(s), 0 hit(s), 0 error(s), 0 left on base; Seattle 4 - St Charles 0
TOP OF THE 6TH
Seattle Pikes batting - Pitching for St Charles Sheens : RHP Oscar Wheeler
Batting: RHB Tae-kwon Kwon 0-0: Ball
1-0: Ground out 6-3 (Groundball, 6)
Batting: LHB Roberto Lozano 0-0: Foul Ball, location: 2F
0-1: SINGLE (Line Drive, 6D)
Batting: RHB Bill Mark 0-0: Called Strike
0-1: Grounds into double play, 6-4-3 (Groundball, 6)
Top of the 6th over - 0 run(s), 1 hit(s), 0 error(s), 0 left on base; Seattle 4 - St Charles 0
BOTTOM OF THE 6TH
St Charles Sheens batting - Pitching for Seattle Pikes : RHP António Rijo
Batting: RHB Bill Little 0-0: Ball
1-0: Ball
2-0: Foul Ball, location: 2F
2-1: Swinging Strike
2-2: Ball
3-2: Base on Balls
Batting: RHB Sergio Pujols 0-0: Called Strike
0-1: Foul Ball, location: 2F
0-2: Ball
1-2: Strikes out swinging
Batting: RHB Jesús Hernández 0-0: Ball
1-0: Grounds into double play, 6-4-3 (Groundball, 6)
Bottom of the 6th over - 0 run(s), 0 hit(s), 0 error(s), 0 left on base; Seattle 4 - St Charles 0
TOP OF THE 7TH
Seattle Pikes batting - Pitching for St Charles Sheens : RHP Oscar Wheeler
Batting: RHB Randy Sheppard 0-0: Ground out 6-3 (Groundball, 6)
Batting: RHB António Ortega 0-0: Foul Ball, location: 2F
0-1: Ball
1-1: Foul Ball, location: 2F
1-2: Strikes out looking
Batting: LHB Richard Hunter 0-0: Called Strike
0-1: Swinging Strike
0-2: Ball
1-2: Strikes out swinging
Top of the 7th over - 0 run(s), 0 hit(s), 0 error(s), 0 left on base; Seattle 4 - St Charles 0
BOTTOM OF THE 7TH
St Charles Sheens batting - Pitching for Seattle Pikes : RHP António Rijo
Batting: RHB Max Rash 0-0: Ball
1-0: Called Strike
1-1: Swinging Strike
1-2: Foul Ball, location: 2F
1-2: Ball
2-2: Ball
3-2: Foul Ball, location: 2F
3-2: Base on Balls
Batting: LHB Stan Bates 0-0: Ball
1-0: Swinging Strike
1-1: Ball
2-1: Fielders Choice at 2nd, 1-6 (Groundball, P)
Batting: RHB Júlio Figueroa 0-0: Swinging Strike
0-1: Fly out, F9 (Flyball, 9S)
Batting: LHB Marcos Cantú 0-0: Fielders Choice at 2nd, 6-4 (Groundball, 6)
Bottom of the 7th over - 0 run(s), 0 hit(s), 0 error(s), 0 left on base; Seattle 4 - St Charles 0
TOP OF THE 8TH
Seattle Pikes batting - Pitching for St Charles Sheens : RHP Oscar Wheeler
Batting: RHB Iván Gonzáles 0-0: Ground out 5-3 (Groundball, 56S)
Pitching: RHP Larry Stewart
Batting: LHB Eduardo Gómez 0-0: Swinging Strike
0-1: Swinging Strike
0-2: Ball
1-2: Strikes out swinging
Batting: SHB António Hernández 0-0: Ball
1-0: Called Strike
1-1: Ball
2-1: Ball
3-1: Called Strike
3-2: Strikes out swinging
Top of the 8th over - 0 run(s), 0 hit(s), 0 error(s), 0 left on base; Seattle 4 - St Charles 0
BOTTOM OF THE 8TH
St Charles Sheens batting - Pitching for Seattle Pikes : RHP António Rijo
Batting: LHB Gene Cooper 0-0: Ball
1-0: Called Strike
1-1: Foul Ball, location: 2F
1-2: Ground out 4-3 (Groundball, 4)
Batting: RHB Dan Tyler 0-0: Ball
1-0: Called Strike
1-1: Foul Ball, location: 2F
1-2: Strikes out looking
Batting: RHB Bill Little 0-0: Ground out 4-3 (Groundball, 4)
Bottom of the 8th over - 0 run(s), 0 hit(s), 0 error(s), 0 left on base; Seattle 4 - St Charles 0
TOP OF THE 9TH
Seattle Pikes batting - Pitching for St Charles Sheens : RHP Larry Stewart
Batting: RHB Tae-kwon Kwon 0-0: Ground out 5-3 (Groundball, 56)
Batting: LHB Roberto Lozano 0-0: SINGLE (Flyball, 8LS)
Batting: RHB Bill Mark 0-0: Called Strike
Roberto Lozano steals 2nd base
0-1: Foul Ball, location: 2F
0-2: Ball
1-2: Ball
2-2: Ground out 5-3 (Groundball, 56)
Batting: RHB Randy Sheppard 0-0: Called Strike
0-1: Foul Ball, location: 2F
0-2: Fly out, F8 (Flyball, 8RM)
Top of the 9th over - 0 run(s), 1 hit(s), 0 error(s), 1 left on base; Seattle 4 - St Charles 0
BOTTOM OF THE 9TH
St Charles Sheens batting - Pitching for Seattle Pikes : RHP António Rijo
Batting: RHB Sergio Pujols 0-0: Foul Ball, location: 2F
0-1: Ball
1-1: Swinging Strike
1-2: Ball
2-2: Fly out, F7 (Flyball, 7)
Batting: RHB Jesús Hernández 0-0: Foul Ball, location: 2F
0-1: Ball
1-1: Fly out, F7 (Flyball, 7LMF)
Batting: RHB Max Rash 0-0: Ball
1-0: Ball
2-0: Foul Ball, location: 2F
2-1: Ground out 4-3 (Groundball, 4M)
Bottom of the 9th over - 0 run(s), 0 hit(s), 0 error(s), 0 left on base; Seattle 4 - St Charles 0
Thursday, March 30th, 2017 - OOTP Baseball 17.12 Build 75